 Dungeon Crawl Stone Soup version 0.31.0-11-ge490571c62 (webtiles) character file.

Game seed: 6515449976270090841

181 qw the Skirmisher (level 5, -4/29 HPs)
             Began as a Deep Elf Hunter on Feb 4, 2024.
             Killed by divine providence
             ... invoked by an orc priest
              (15 damage)
             ... on level 3 of the Dungeon.
             The game lasted 00:00:07 (1576 turns).

qw the Skirmisher (Deep Elf Hunter)                 Turns: 1576, Time: 00:00:07

Health: -4/29      AC:  6    Str: 10    XL:     5   Next: 34%
Magic:  7/7        EV: 11    Int: 14    God:
Gold:   82         SH:  0    Dex: 18    Spells: 4/4 levels left

rFire   + . .        a - +0 shortbow
rCold   . . .        (shield currently unavailable)
rNeg    . . .        f - +0 ring mail
rPois   .            (no helmet)
rElec   .            (no cloak)
rCorr   .            d - +0 pair of gloves
SInv    .            (no boots)
Will    .....        e - amulet of regeneration
Stlth   +            g - ring of protection from fire
HPRegen 1.04/turn    (no ring)
MPRegen 0.10/turn

%: no passive effects
@: no status effects
A: no striking features
a: no special abilities


You were on level 3 of the Dungeon.
You visited 1 branch of the dungeon, and saw 3 of its levels.

You collected 82 gold pieces.


   Skills:
 - Level 1.5 Fighting
 + Level 8.8 Ranged Weapons
 - Level 2.4 Dodging
 - Level 1.2 Stealth


You had 4 spell levels left.
You didn't know any spells.
Your spell library was empty.

Inventory:

Hand Weapons
 a - a +0 shortbow (weapon)
Armour
 d - a +0 pair of gloves (worn)
 f - a +0 ring mail (worn)
Jewellery
 e - an amulet of regeneration (around neck)
 g - a ring of protection from fire (left hand)
Wands
 b - a wand of roots (8)
Scrolls
 h - a scroll of immolation {unknown}
 i - a scroll of blinking {unknown}
Potions
 c - a potion of curing {unknown}

Dungeon Overview and Level Annotations

Branches:
Dungeon (3/15)

Altars:
Dithmenos


Message History

Beogh smites you!
Ouch! That really hurt!
You shoot an arrow. The arrow hits the orc.
The orc is severely wounded.
The orc hits you with a +0 hand axe.
You shoot an arrow. The arrow barely misses the orc.
The arrow hits the orc!
You kill the orc!
The orc closely misses you.
You shoot an arrow. The arrow hits the orc.
You kill the orc!
The orc priest barely misses you.
You shoot an arrow. The arrow barely misses the orc priest.
The orc priest completely misses you.
You shoot an arrow. The arrow hits the orc priest.
The orc priest is heavily wounded.
The orc priest hits you with a +0 short sword.
The orc barely misses you.
You shoot an arrow. The arrow hits the orc priest.
The orc priest is severely wounded.
The orc priest looks satisfied for a moment.
The orc barely misses you.
You shoot an arrow. The arrow barely misses the orc priest.
The orc priest hits you with a +0 short sword.
The orc hits you with a +0 flail.
You shoot an arrow. The arrow barely misses the orc priest.
The orc priest hits you with a +0 short sword.
The orc hits you but does no damage. The orc closely misses you.
The orc priest hits you but does no damage.
You shoot an arrow.
The arrow hits the orc priest but does no damage.
The orc priest is severely wounded.
The orc priest hits you but does no damage.
The orc barely misses you.
You shoot an arrow.
The arrow hits the orc priest but does no damage.
The orc priest is severely wounded.
The orc priest calls down the wrath of Beogh upon you.
Beogh smites you!
Ouch! That really hurt!
You die...

#####...#####.##
................ ..
#######.#####.#.#.#
..............#....
#####.#...#####..%.
.......#.# .......
##......# ..)....
#......##o......
#######...@o).....
........###.##....
######### .# . ).
###


You could see an orc priest and an orc.

Vanquished Creatures
  A hound (D:2)
  A gnoll bouda (D:3)
  5 gnolls
  3 dart slugs
  A ribbon worm (D:2)
  3 orcs (D:3)
  5 ball pythons
  4 bats
  9 endoplasms
  3 giant cockroaches
  6 goblins
  5 hobgoblins
  3 kobolds
  2 quokkas (D:1)
  2 frilled lizards
  6 rats
59 creatures vanquished.

Notes
Turn   | Place    | Note
-------+----------+-------------------------------------------
     0 | D:1      | qw the Deep Elf Hunter began the quest for the Orb.
     0 | D:1      | Reached XP level 1. HP: 12/12 MP: 3/3
     0 | D:1      | 0 ||| qw: Version: 0.3-a-160-g6735b56
     0 | D:1      | 0 ||| qw: Game counter: 5229
     0 | D:1      | 0 ||| qw: Melee chars always use a shield: true
     0 | D:1      | 0 ||| qw: God list: Okawaru
     0 | D:1      | 0 ||| qw: Allow faded altars: false
     0 | D:1      | 0 ||| qw: Do Orc after clearing Dungeon:15 true
     0 | D:1      | 0 ||| qw: Do second Lair branch before Depths: true
     0 | D:1      | 0 ||| qw: Lair rune preference: random
     0 | D:1      | 0 ||| qw: Goals: Normal
     0 | D:1      | 0 ||| PLANNING D:1-11
    62 | D:1      | Reached XP level 2. HP: 16/16 MP: 4/4
    95 | D:1      | Reached skill level 6 in Ranged Weapons
   558 | D:1      | Reached XP level 3. HP: 20/20 MP: 5/5
   731 | D:1      | 731 ||| UPGRADING to +0 ring mail.
   741 | D:1      | 741 ||| DROPPING +0 leather armour.
   742 | D:1      | 742 ||| UPGRADING to amulet of regeneration.
   747 | D:1      | 747 ||| UPGRADING to ring of protection from fire.
   748 | D:1      | 748 ||| READING scroll labelled ODUINI FEOROLE.
   749 | D:1      | 749 ||| DROPPING scroll of butterflies.
   777 | D:2      | 777 ||| STAIRDANCE
   870 | D:2      | Reached skill level 7 in Ranged Weapons
  1121 | D:2      | Found a shadowy altar of Dithmenos.
  1224 | D:2      | Reached XP level 4. HP: 25/25 MP: 6/6
  1376 | D:2      | 1376 ||| UPGRADING to +0 pair of gloves.
  1381 | D:2      | 1381 ||| READING scroll labelled ASISUC TAOTYA.
  1381 | D:2      | 1381 ||| IDENTIFYING 2 fuming amethyst potions
  1400 | D:3      | 1400 ||| STAIRDANCE
  1436 | D:3      | Reached skill level 8 in Ranged Weapons
  1471 | D:3      | HP: 3/25 [gnoll/+0 whip[a gnoll bouda] (5)]
  1472 | D:3      | 1472 ||| DRINKING 2 potions of heal wounds.
  1474 | D:3      | Reached XP level 5. HP: 29/29 MP: 7/7
  1477 | D:3      | HP: 5/29 [gnoll bouda/+0 whip (6)]
  1478 | D:3      | 1478 ||| DRINKING potion of heal wounds.
  1576 | D:3      | Killed from afar by an orc priest

Levels and vault maps discovered:
D:1:      minmay_arrival_four_circles, layout_basic, minmay_unequal
D:2:      layout_loops_cross, basic_altar
D:3:      layout_basic, grunt_ministairs_13, nicolae_grassy_gnolls

Skill      XL: |  1  2  3  4 |
---------------+-------------+-----
Ranged Weapons | 6 7 8 |  8.8
Fighting       | |  1.5
Dodging        | |  2.4
Stealth        | |  1.2

Action                     |  1- 3 |  4- 6 || total
---------------------------+-------+-------++-------
   Fire: Shortbow          |   126 |    57 ||   183
    Use: Scroll            |     1 |     1 ||     2
         Potion            |       |     2 ||     2
 Armour: Leather armour    |    13 |       ||    13
         Ring mail         |     9 |    24 ||    33
  Dodge: Dodged            |    28 |    21 ||    49

Table legend:
 A = Non-vault XP
 B = Vault XP
 C = Vault XP percentage of total XP
 D = Non-vault monster count
 E = Vault monster count
 F = Vault count percentage of total count
                 A         B        C        D         E       F
            +---------+---------+-------+---------+---------+-------
      Total |     141 |     118 |  45.6 |      50 |       9 |  15.3
            +---------+---------+-------+---------+---------+-------
        D:1 |      43 |       4 |   8.5 |      23 |       2 |   8.0
        D:2 |      82 |      14 |  14.6 |      20 |       1 |   4.8
        D:3 |      16 |     100 |  86.2 |       7 |       6 |  46.2
            +---------+---------+-------+---------+---------+-------
